Capitals vs Islanders
Created - February 7, 2024 at 22:42
Goals
|
| Capitals |
1 |
1 |
2 |
0 |
2 |
5 |
| Islanders |
0 |
3 |
1 |
0 |
0 |
4 |
|
Shots
|
| Capitals |
17 |
11 |
9 |
2 |
2 |
39 |
| Islanders |
12 |
9 |
7 |
2 |
2 |
30 |
|
1st period
1. Capitals , Patrick Kane 26 (Taylor Hall 36, Nicklas Backstrom 30) at 17:02
Penalties :
Phil Kessel (Was) for Boarding (Minor) at 19:03
2nd period
2. Islanders , Ryan Ellis 10 (Anze Kopitar 11) at 0:32 (PP)
3. Capitals , Taylor Hall 20 (Steve Downie 9, Joe Colborne 8) at 4:05
4. Islanders , Kellan Lain 12 (Dylan McIlrath 10, Vladimir Tarasenko 24) at 14:30
5. Islanders , Jason Spezza 7 (Anze Kopitar 12) at 15:26 (PP)
Penalties :
Patrick Kane (Was) for Boarding (Minor) at 14:52, Brayden McNabb (NyI) for Hooking (Minor) at 16:24
3rd period
6. Islanders , Jason Spezza 8 (Brock McGinn 11, Ryan Ellis 33) at 8:27 (PP)
7. Capitals , Patrick Kane 27 (Nicklas Backstrom 31, Martin Marincin 5) at 14:27
8. Capitals , Taylor Hall 21 (Brandon Gormley 21, Patrick Kane 25) at 15:31 (PP)
Penalties :
Blake Pietila (Was) for Holding (Minor) at 7:50, Anze Kopitar (NyI) for Slashing (Minor) at 9:13, Brayden Schenn (NyI) for Hooking (Minor) at 14:51
Overtime #1
No Goal
Penalties :
No Penalty
Shootout
Capitals, Taylor Hall - Goal!
Islanders, Vladimir Tarasenko - Shot Misses the Net
Capitals, Patrick Kane - Goal!
Islanders, Brayden Schenn - Shot Misses the Net
Penalties :
No Penalty
Goalie Stats
Cory Schneider (Was), 26 saves from 30 shots - (0.867), W, 23-15-2, 65:00 minutes
Joonas Korpisalo (NyI), 35 saves from 39 shots - (0.897), OTL, 4-6-5, 65:00 minutes
Players Stats for Capitals
Player Name G A P +/- PIM S H SB GA TA FO MP PP MP PK MP
------------------------------------------------------------------------------------
Alexei Marchenko 0 0 0 0 0 2 1 0 0 0 0/0 20:09 1:45 0:12
Blake Pietila 0 0 0 0 2 6 0 0 0 0 1/2 18:46 1:51 0:39
Bobby Ryan 0 0 0 0 0 2 0 1 1 0 2/2 18:13 1:51 0:00
Brandon Burlon 0 0 0 0 0 0 0 4 0 0 0/0 19:06 1:45 0:00
Brandon Gormley 0 1 1 2 0 4 2 2 1 0 0/0 28:08 2:53 0:12
Cody Hodgson 0 0 0 0 0 2 1 0 0 0 1/7 18:04 1:51 0:07
Jeff Skinner 0 0 0 0 0 0 0 0 0 0 0/0 8:19 0:03 0:00
Joe Colborne 0 1 1 0 0 0 0 1 0 0 2/6 12:32 0:04 0:12
Jujhar Khaira 0 0 0 0 0 1 1 0 0 0 0/0 12:35 0:00 0:12
Martin Marincin 0 1 1 0 0 1 1 1 0 0 0/0 15:08 0:00 2:28
Mike Green 0 0 0 2 0 2 1 2 0 0 0/0 29:38 2:53 2:28
Nicklas Backstrom 0 2 2 2 0 2 2 1 0 0 17/29 21:20 2:43 0:00
Patrick Kane 2 1 3 2 2 8 1 4 2 1 0/1 24:08 2:44 1:49
Phil Kessel 0 0 0 0 2 2 1 0 0 0 0/0 8:18 0:03 0:00
Sergey Kalinin 0 0 0 0 0 0 1 0 0 0 3/9 10:37 0:00 2:21
Shea Theodore 0 0 0 0 0 1 0 0 1 1 0/0 12:33 0:00 0:00
Steve Downie 0 1 1 0 0 1 2 0 0 0 0/0 12:23 0:00 0:00
Taylor Hall 2 1 3 2 0 5 0 1 0 0 2/4 22:20 2:44 0:00
Players Stats for Islanders
Player Name G A P +/- PIM S H SB GA TA FO MP PP MP PK MP
------------------------------------------------------------------------------------
Andrew Shaw 0 0 0 -1 0 1 0 0 0 0 0/0 9:45 0:00 0:00
Anze Kopitar 0 2 2 0 2 2 2 0 0 1 7/13 19:13 1:00 1:27
Brayden McNabb 0 0 0 1 2 1 2 3 0 0 0/0 18:34 0:22 0:32
Brayden Schenn 0 0 0 -1 2 4 2 0 0 1 19/35 23:07 1:40 1:59
Brock McGinn 0 1 1 0 0 2 2 0 0 0 0/2 18:52 1:00 1:36
Dylan McIlrath 0 1 1 0 0 0 1 0 0 0 0/0 13:16 0:00 0:52
Emerson Etem 0 0 0 0 0 0 2 0 0 0 0/0 11:55 0:00 0:31
Jason Akeson 0 0 0 0 0 0 2 0 0 0 1/1 10:41 0:00 0:00
Jason Spezza 2 0 2 0 0 2 0 0 0 0 0/1 17:43 1:00 0:00
Kellan Lain 1 0 1 -1 0 2 1 1 1 0 1/2 22:23 1:40 2:31
Melker Karlsson 0 0 0 -1 0 2 0 0 0 0 0/0 10:11 0:00 0:53
Michael Latta 0 0 0 0 0 0 2 1 0 0 3/4 11:16 0:00 0:19
Nikita Zadorov 0 0 0 1 0 2 0 1 0 1 0/0 19:09 0:22 1:24
Ryan Ellis 1 1 2 -3 0 3 2 4 0 1 0/0 30:50 2:18 3:14
Sergei Plotnikov 0 0 0 -1 0 0 0 1 0 0 0/0 9:18 0:00 0:00
Thomas Chabot 0 0 0 0 0 0 0 1 0 0 0/0 13:21 0:00 0:02
Vladimir Tarasenko 0 1 1 -1 0 8 0 2 0 1 1/2 20:55 1:40 0:00
Yann Sauvé 0 0 0 -3 0 1 2 2 1 0 0/0 29:50 2:18 3:12
3 Stars
1 - Taylor Hall (Was)
2 - Patrick Kane (Was)
3 - Jason Spezza (NyI)
Power Play
Capitals - 1 on 3 Attempt(s) - 33.33%
Islanders - 3 on 3 Attempt(s) - 100.00%
Penalty Kill
Capitals - 0 on 3 Attempt(s) - 0.00%
- Score 0 goal in Penalty Kill
Islanders - 2 on 3 Attempt(s) - 66.67%
- Score 0 goal in Penalty Kill
Team Stat
Capitals - Hits : 14 - Faceoff Wins : 28 - Blocked Shots : 17 - Penalty Minutes : 6
Islanders - Hits : 20 - Faceoff Wins : 32 - Blocked Shots : 16 - Penalty Minutes : 6
Official
Referees : Graham Skilliter and Marc Joannette
Linesman : Jesse Marquis and Jonny Murray
Game Notes
No Game Note
Finance
Level 1 -- Attendance: 6000 (100.00%) -- Ticket Income $600,000
Level 2 -- Attendance: 4578 (91.56%) -- Ticket Income $274,680
Level 3 -- Attendance: 2000 (100.00%) -- Ticket Income $70,000
Level 4 -- Attendance: 4000 (100.00%) -- Ticket Income $100,000
Luxury Box -- Attendance: 1000 (100.00%) -- Ticket Income $200,000
Game was played at the Nassau Coliseum.
Total Attendance: 17578 (97.66%)
Total Ticket Income: $1,244,680
Other Income: $186,702
Total Income: $1,431,382
Capitals
5 vs 5 Forward
Center Left Wing Right Wing Time % Phy DF OF
1 Nicklas Backstrom Taylor Hall Patrick Kane 40 0 1 4
2 Cody Hodgson Blake Pietila Bobby Ryan 30 0 1 4
3 Joe Colborne Jujhar Khaira Steve Downie 20 0 2 3
4 Sergey Kalinin Jeff Skinner Phil Kessel 10 0 2 3
5 vs 5 Defense
Defense Defense Time % Phy DF OF
1 Brandon Gormley Mike Green 40 0 2 3
2 Alexei Marchenko Brandon Burlon 30 0 3 2
3 Shea Theodore Martin Marincin 20 0 3 2
4 Brandon Gormley Mike Green 10 0 3 2
PowerPlay Forward
Center Left Wing Right Wing Time % Phy DF OF
1 Nicklas Backstrom Taylor Hall Patrick Kane 60 0 0 5
2 Cody Hodgson Blake Pietila Bobby Ryan 40 0 0 5
PowerPlay Defense
Defense Defense Time % Phy DF OF
1 Brandon Gormley Mike Green 60 0 2 3
2 Alexei Marchenko Brandon Burlon 40 0 2 3
Penalty Kill 4 Players Forward
Center Wing Time % Phy DF OF
1 Sergey Kalinin Patrick Kane 60 0 3 2
2 Joe Colborne Jujhar Khaira 40 0 3 2
Penalty Kill 4 Players Defense
Defense Defense Time % Phy DF OF
1 Martin Marincin Mike Green 60 0 4 1
2 Alexei Marchenko Brandon Gormley 40 0 4 1
Penalty Kill - 3 Players Forward
Forward Time % Phy DF OF
1 Taylor Hall 60 0 5 0
2 Patrick Kane 40 0 5 0
Penalty Kill - 3 Players Defense
Defense Defense Time % Phy DF OF
1 Martin Marincin Mike Green 60 0 5 0
2 Brandon Gormley Alexei Marchenko 40 0 5 0
4 vs 4 Forward
Center Wing Time % Phy DF OF
1 Taylor Hall Patrick Kane 60 0 1 4
2 Nicklas Backstrom Bobby Ryan 40 0 1 4
4 vs 4 Defense
Defense Defense Time % Phy DF OF
1 Brandon Gormley Mike Green 60 0 2 3
2 Alexei Marchenko Brandon Burlon 40 0 3 2
Last Minutes Offensive
Center Left Wing Right Wing Defense Defense
Nicklas Backstrom Taylor Hall Patrick Kane Shea Theodore Mike Green
Last Minutes Defensive
Center Left Wing Right Wing Defense Defense
Nicklas Backstrom Taylor Hall Patrick Kane Martin Marincin Mike Green
Goaltenders
Starting : Cory Schneider
Backup : Chet Pickard
Extra Forwards
Normal : Patrick Kane, Taylor Hall, Nicklas Backstrom - PP : Patrick Kane, Taylor Hall - PK : Patrick Kane
Extra Defensemen
Normal : Mike Green, Brandon Gormley, Alexei Marchenko - PP : Mike Green - PK : Mike Green, Martin Marincin
Penalty Shots
Taylor Hall, Patrick Kane, Nicklas Backstrom, Bobby Ryan, Cody Hodgson
Custom OT Lines Forwards
Taylor Hall, Patrick Kane, Nicklas Backstrom, Bobby Ryan, Cody Hodgson, Blake Pietila, Jujhar Khaira, Steve Downie, Jeff Skinner, Phil Kessel
Custom OT Lines Defensemen
Brandon Gormley, Mike Green, Alexei Marchenko, Brandon Burlon, Shea Theodore
Scratches
None
Islanders
5 vs 5 Forward
Center Left Wing Right Wing Time % Phy DF OF
1 Brayden Schenn Kellan Lain Vladimir Tarasenko 40 1 2 2
2 Anze Kopitar Brock McGinn Jason Spezza 30 1 2 2
3 Michael Latta Emerson Etem Jason Akeson 20 1 2 2
4 Melker Karlsson Sergei Plotnikov Andrew Shaw 10 1 2 2
5 vs 5 Defense
Defense Defense Time % Phy DF OF
1 Ryan Ellis Yann Sauvé 40 1 2 2
2 Nikita Zadorov Brayden McNabb 30 1 2 2
3 Dylan McIlrath Thomas Chabot 20 1 2 2
4 Ryan Ellis Yann Sauvé 10 1 2 2
PowerPlay Forward
Center Left Wing Right Wing Time % Phy DF OF
1 Brayden Schenn Kellan Lain Vladimir Tarasenko 60 1 2 2
2 Anze Kopitar Brock McGinn Jason Spezza 40 1 2 2
PowerPlay Defense
Defense Defense Time % Phy DF OF
1 Ryan Ellis Yann Sauvé 60 1 2 2
2 Nikita Zadorov Brayden McNabb 40 1 2 2
Penalty Kill 4 Players Forward
Center Wing Time % Phy DF OF
1 Brayden Schenn Kellan Lain 60 1 2 2
2 Anze Kopitar Brock McGinn 40 1 2 2
Penalty Kill 4 Players Defense
Defense Defense Time % Phy DF OF
1 Ryan Ellis Yann Sauvé 60 1 2 2
2 Nikita Zadorov Brayden McNabb 40 1 2 2
Penalty Kill - 3 Players Forward
Forward Time % Phy DF OF
1 Brayden Schenn 60 1 2 2
2 Anze Kopitar 40 1 2 2
Penalty Kill - 3 Players Defense
Defense Defense Time % Phy DF OF
1 Ryan Ellis Yann Sauvé 60 1 2 2
2 Nikita Zadorov Brayden McNabb 40 1 2 2
4 vs 4 Forward
Center Wing Time % Phy DF OF
1 Brayden Schenn Kellan Lain 60 1 2 2
2 Anze Kopitar Brock McGinn 40 1 2 2
4 vs 4 Defense
Defense Defense Time % Phy DF OF
1 Ryan Ellis Yann Sauvé 60 1 2 2
2 Nikita Zadorov Brayden McNabb 40 1 2 2
Last Minutes Offensive
Center Left Wing Right Wing Defense Defense
Brayden Schenn Kellan Lain Vladimir Tarasenko Ryan Ellis Yann Sauvé
Last Minutes Defensive
Center Left Wing Right Wing Defense Defense
Brayden Schenn Kellan Lain Vladimir Tarasenko Ryan Ellis Yann Sauvé
Goaltenders
Starting : Joonas Korpisalo
Backup : Tyler Weiman
Extra Forwards
Normal : Kellan Lain, Brock McGinn, Emerson Etem - PP : Kellan Lain, Brock McGinn - PK : Kellan Lain
Extra Defensemen
Normal : Brayden McNabb, Dylan McIlrath, Thomas Chabot - PP : Brayden McNabb - PK : Brayden McNabb, Dylan McIlrath
Penalty Shots
Vladimir Tarasenko, Brayden Schenn, Anze Kopitar, Jason Spezza, Kellan Lain
Custom OT Lines Forwards
Vladimir Tarasenko, Brayden Schenn, Anze Kopitar, Jason Spezza, Kellan Lain, Brock McGinn, Emerson Etem, Michael Latta, Jason Akeson, Melker Karlsson
Custom OT Lines Defensemen
Ryan Ellis, Yann Sauvé, Nikita Zadorov, Brayden McNabb, Dylan McIlrath
Scratches
Ben Johnson (Healthy), Christian Fischer (Healthy), Gabriel Carlsson (Healthy), James Livingstone (Healthy)
% Time on Ice - Capitals
Lines # - Real PCT - Wanted PCT - Time Play
Normal Forward
1 - 33% - 40% - 17:32
2 - 28% - 30% - 14:40
3 - 23% - 20% - 12:14
4 - 16% - 10% - 8:16
Normal Defense
1 - 38% - 40% - 19:49
2 - 33% - 30% - 17:21
3 - 24% - 20% - 12:33
4 - 6% - 10% - 2:59
PP Forward
1 - 60% - 60% - 2:47
2 - 40% - 40% - 1:51
PP Defense
1 - 62% - 60% - 2:53
2 - 38% - 40% - 1:45
PK Forward
1 - 93% - 60% - 2:28
2 - 8% - 40% - 0:12
PK Defense
1 - 93% - 60% - 2:28
2 - 8% - 40% - 0:12
PK3 Forward
1 - 0% - 60%
2 - 0% - 40%
PK3 Defense
1 - 0% - 60%
2 - 0% - 40%
44 Forward
1 - 0% - 60%
2 - 0% - 40%
44 Defense
1 - 0% - 60%
2 - 0% - 40%
Last Minute Offensive - 0:00
Last Minute Defensive - 0:00
Total
Forward - 60:00
Defense - 60:00
|
% Time on Ice - Islanders
Lines # - Real PCT - Wanted PCT - Time Play
Normal Forward
1 - 32% - 40% - 17:01
2 - 30% - 30% - 15:42
3 - 20% - 20% - 10:41
4 - 18% - 10% - 9:18
Normal Defense
1 - 38% - 40% - 19:55
2 - 34% - 30% - 17:41
3 - 24% - 20% - 12:24
4 - 5% - 10% - 2:42
PP Forward
1 - 63% - 60% - 1:40
2 - 38% - 40% - 1:00
PP Defense
1 - 86% - 60% - 2:18
2 - 14% - 40% - 0:22
PK Forward
1 - 86% - 60% - 3:58
2 - 14% - 40% - 0:40
PK Defense
1 - 69% - 60% - 3:12
2 - 31% - 40% - 1:26
PK3 Forward
1 - 0% - 60%
2 - 0% - 40%
PK3 Defense
1 - 0% - 60%
2 - 0% - 40%
44 Forward
1 - 0% - 60%
2 - 0% - 40%
44 Defense
1 - 0% - 60%
2 - 0% - 40%
Last Minute Offensive - 0:00
Last Minute Defensive - 0:00
Total
Forward - 60:00
Defense - 60:00
|
Play-by-Play
1st period
0:01 of 1st period - Nicklas Backstrom wins face-off versus Kellan Lain in neutral zone.
1:09 of 1st period - Nikita Zadorov is hit by Phil Kessel and loses puck.
1:32 of 1st period - Snap shot by Vladimir Tarasenko.
1:32 of 1st period - Stopped by Cory Schneider with a rebound.
1:34 of 1st period - Slapshot by Brayden McNabb.
1:34 of 1st period - Deflect By Brandon Burlon.
1:34 of 1st period - Stopped by Cory Schneider with a rebound.
1:56 of 1st period - Wrist shot by Michael Latta.
1:56 of 1st period - Shot Misses the Net.
2:04 of 1st period - Icing by Emerson Etem.
2:05 of 1st period - Nicklas Backstrom wins face-off versus Michael Latta in Islanders zone.
2:15 of 1st period - Slapshot by Brandon Gormley.
2:15 of 1st period - Shot Blocked by Michael Latta.
2:17 of 1st period - Snap shot by Patrick Kane.
2:17 of 1st period - Stopped by Joonas Korpisalo without a rebound.
2:18 of 1st period - Brayden Schenn wins face-off versus Joe Colborne in Islanders zone.
2:26 of 1st period - Off-side.
2:27 of 1st period - Brayden Schenn wins face-off versus Joe Colborne in neutral zone.
3:02 of 1st period - Wrist shot by Vladimir Tarasenko.
3:02 of 1st period - Deflect By Brayden Schenn.
3:02 of 1st period - Stopped by Cory Schneider without a rebound.
3:03 of 1st period - Nicklas Backstrom wins face-off versus Anze Kopitar in Capitals zone.
3:14 of 1st period - Wrist shot by Nicklas Backstrom.
3:14 of 1st period - Stopped by Joonas Korpisalo without a rebound.
3:15 of 1st period - Cody Hodgson wins face-off versus Brock McGinn in Islanders zone.
3:24 of 1st period - Snap shot by Blake Pietila.
3:24 of 1st period - Shot Blocked by Nikita Zadorov.
3:26 of 1st period - Slapshot by Martin Marincin.
3:26 of 1st period - Stopped by Joonas Korpisalo without a rebound.
3:27 of 1st period - Anze Kopitar wins face-off versus Taylor Hall in Islanders zone.
5:06 of 1st period - Snap shot by Brock McGinn.
5:06 of 1st period - Stopped by Cory Schneider without a rebound.
5:07 of 1st period - Nicklas Backstrom wins face-off versus Brayden Schenn in Capitals zone.
6:19 of 1st period - Snap shot by Thomas Chabot.
6:19 of 1st period - Shot Blocked by Bobby Ryan.
6:43 of 1st period - Slapshot by Yann Sauvé.
6:43 of 1st period - Shot Misses the Net.
7:10 of 1st period - Wrist shot by Jujhar Khaira.
7:10 of 1st period - Shot Blocked by Brayden McNabb.
7:19 of 1st period - Icing by Brandon Burlon.
7:20 of 1st period - Michael Latta wins face-off versus Joe Colborne in Capitals zone.
7:37 of 1st period - Snap shot by Vladimir Tarasenko.
7:37 of 1st period - Shot Blocked by Brandon Burlon.
8:43 of 1st period - Slapshot by Taylor Hall.
8:43 of 1st period - Shot Misses the Net.
9:24 of 1st period - Wrist shot by Phil Kessel.
9:24 of 1st period - Stopped by Joonas Korpisalo with a rebound.
9:38 of 1st period - Wrist shot by Melker Karlsson.
9:38 of 1st period - Shot Blocked by Mike Green.
9:40 of 1st period - Backhand shot by Sergei Plotnikov.
9:40 of 1st period - Shot Blocked by Patrick Kane.
10:00 of 1st period - Martin Marincin is hit by Dylan McIlrath.
10:08 of 1st period - Icing by Blake Pietila.
10:09 of 1st period - Brayden Schenn wins face-off versus Cody Hodgson in Capitals zone.
10:18 of 1st period - Wrist shot by Vladimir Tarasenko.
10:18 of 1st period - Stopped by Cory Schneider with a rebound.
10:22 of 1st period - Snap shot by Brayden Schenn.
10:22 of 1st period - Stopped by Cory Schneider without a rebound.
10:23 of 1st period - Brayden Schenn wins face-off versus Nicklas Backstrom in Capitals zone.
10:28 of 1st period - Snap shot by Vladimir Tarasenko.
10:28 of 1st period - Deflect By Kellan Lain.
10:28 of 1st period - Shot Blocked by Brandon Gormley.
10:28 of 1st period - Puck is out of play.
10:29 of 1st period - Brayden Schenn wins face-off versus Nicklas Backstrom in Capitals zone.
10:42 of 1st period - Snap shot by Vladimir Tarasenko.
10:42 of 1st period - Stopped by Cory Schneider with a rebound.
10:46 of 1st period - Wrist shot by Kellan Lain.
10:46 of 1st period - Deflect By Vladimir Tarasenko.
10:46 of 1st period - Stopped by Cory Schneider without a rebound.
10:47 of 1st period - Anze Kopitar wins face-off versus Cody Hodgson in Capitals zone.
10:50 of 1st period - Slapshot by Brock McGinn.
10:50 of 1st period - Deflect By Jason Spezza.
10:50 of 1st period - Shot Misses the Net.
10:50 of 1st period - Puck is out of play.
10:51 of 1st period - Blake Pietila wins face-off versus Anze Kopitar in Capitals zone.
11:00 of 1st period - Slapshot by Brandon Gormley.
11:00 of 1st period - Stopped by Joonas Korpisalo with a rebound.
11:02 of 1st period - Slapshot by Mike Green.
11:02 of 1st period - Stopped by Joonas Korpisalo with a rebound.
11:04 of 1st period - Wrist shot by Blake Pietila.
11:04 of 1st period - Stopped by Joonas Korpisalo with a rebound.
11:06 of 1st period - Slapshot by Brandon Gormley.
11:06 of 1st period - Stopped by Joonas Korpisalo with a rebound.
11:30 of 1st period - Slapshot by Vladimir Tarasenko.
11:30 of 1st period - Shot Blocked by Patrick Kane.
11:40 of 1st period - Wrist shot by Michael Latta.
11:40 of 1st period - Shot Misses the Net.
12:24 of 1st period - Off-side.
12:25 of 1st period - Anze Kopitar wins face-off versus Cody Hodgson in neutral zone.
12:42 of 1st period - Snap shot by Blake Pietila.
12:42 of 1st period - Stopped by Joonas Korpisalo with a rebound.
14:11 of 1st period - Backhand shot by Anze Kopitar.
14:11 of 1st period - Stopped by Cory Schneider with a rebound.
14:19 of 1st period - Snap shot by Cody Hodgson.
14:19 of 1st period - Deflect By Blake Pietila.
14:19 of 1st period - Stopped by Joonas Korpisalo with a rebound.
14:21 of 1st period - Snap shot by Shea Theodore.
14:21 of 1st period - Stopped by Joonas Korpisalo without a rebound.
14:22 of 1st period - Nicklas Backstrom wins face-off versus Brayden Schenn in Islanders zone.
14:23 of 1st period - Snap shot by Patrick Kane.
14:23 of 1st period - Stopped by Joonas Korpisalo with a rebound.
14:37 of 1st period - Snap shot by Nicklas Backstrom.
14:37 of 1st period - Shot Blocked by Vladimir Tarasenko.
14:39 of 1st period - Wrist shot by Taylor Hall.
14:39 of 1st period - Deflect By Nicklas Backstrom.
14:39 of 1st period - Shot Misses the Net.
14:39 of 1st period - Puck is out of play.
14:40 of 1st period - Michael Latta wins face-off versus Sergey Kalinin in Islanders zone.
14:45 of 1st period - Brandon Gormley is hit by Jason Akeson and loses puck.
14:56 of 1st period - Wrist shot by Jason Akeson.
14:56 of 1st period - Deflect By Michael Latta.
14:56 of 1st period - Shot Misses the Net.
14:56 of 1st period - Puck is out of play.
14:57 of 1st period - Brayden Schenn wins face-off versus Nicklas Backstrom in Capitals zone.
15:24 of 1st period - Michael Latta is hit by Steve Downie and loses puck.
15:37 of 1st period - Snap shot by Steve Downie.
15:37 of 1st period - Deflect By Jujhar Khaira.
15:37 of 1st period - Shot Blocked by Brayden McNabb.
15:37 of 1st period - Puck is out of play.
15:38 of 1st period - Brayden Schenn wins face-off versus Sergey Kalinin in Islanders zone.
16:10 of 1st period - Martin Marincin is hit by Brayden McNabb and loses puck.
16:15 of 1st period - Wrist shot by Melker Karlsson.
16:15 of 1st period - Shot Misses the Net.
16:17 of 1st period - Slapshot by Brayden McNabb.
16:17 of 1st period - Shot Misses the Net.
16:42 of 1st period - Snap shot by Taylor Hall.
16:42 of 1st period - Stopped by Joonas Korpisalo without a rebound.
16:43 of 1st period - Joe Colborne wins face-off versus Brayden Schenn in Islanders zone.
16:56 of 1st period - Wrist shot by Jujhar Khaira.
16:56 of 1st period - Stopped by Joonas Korpisalo without a rebound.
16:57 of 1st period - Nicklas Backstrom wins face-off versus Brayden Schenn in Islanders zone.
16:58 of 1st period - Snap shot by Taylor Hall.
16:58 of 1st period - Shot Misses the Net.
17:00 of 1st period - Wrist shot by Patrick Kane.
17:00 of 1st period - Stopped by Joonas Korpisalo with a rebound.
17:02 of 1st period - Snap shot by Patrick Kane.
17:02 of 1st period - Goal by Patrick Kane - Capitals : 1 - Islanders : 0.
17:03 of 1st period - Nicklas Backstrom wins face-off versus Brayden Schenn in neutral zone.
17:40 of 1st period - Wrist shot by Brock McGinn.
17:40 of 1st period - Stopped by Cory Schneider with a rebound.
18:26 of 1st period - Snap shot by Sergei Plotnikov.
18:26 of 1st period - Shot Misses the Net.
18:28 of 1st period - Snap shot by Andrew Shaw.
18:28 of 1st period - Deflect By Melker Karlsson.
18:28 of 1st period - Stopped by Cory Schneider with a rebound.
18:30 of 1st period - Wrist shot by Andrew Shaw.
18:30 of 1st period - Stopped by Cory Schneider with a rebound.
18:44 of 1st period - Snap shot by Jeff Skinner.
18:44 of 1st period - Shot Blocked by Vladimir Tarasenko.
18:46 of 1st period - Slapshot by Alexei Marchenko.
18:46 of 1st period - Stopped by Joonas Korpisalo without a rebound.
18:47 of 1st period - Brayden Schenn wins face-off versus Sergey Kalinin in Islanders zone.
19:03 of 1st period - Minor Penalty to Phil Kessel for Boarding.
19:04 of 1st period - Sergey Kalinin wins face-off versus Brayden Schenn in Capitals zone.
19:18 of 1st period - Kellan Lain is hit by Martin Marincin and loses puck.
19:31 of 1st period - Brock McGinn is hit by Sergey Kalinin and loses puck.
19:40 of 1st period - Wrist shot by Yann Sauvé.
19:40 of 1st period - Shot Blocked by Joe Colborne.
Goals for this period are 1 for Capitals vs 0 for Islanders.
Shots for this period are 17 for Capitals vs 12 for Islanders.
2nd period
0:01 of 2nd period - Brayden Schenn wins face-off versus Sergey Kalinin in neutral zone.
0:04 of 2nd period - Slapshot by Ryan Ellis.
0:04 of 2nd period - Shot Blocked by Mike Green.
0:32 of 2nd period - Slapshot by Ryan Ellis.
0:32 of 2nd period - Goal by Ryan Ellis - Capitals : 1 - Islanders : 1.
0:33 of 2nd period - Brayden Schenn wins face-off versus Nicklas Backstrom in neutral zone.
1:13 of 2nd period - Wrist shot by Blake Pietila.
1:13 of 2nd period - Shot Misses the Net.
1:37 of 2nd period - Backhand shot by Cody Hodgson.
1:37 of 2nd period - Deflect By Nikita Zadorov.
1:37 of 2nd period - Stopped by Joonas Korpisalo with a rebound.
1:39 of 2nd period - Wrist shot by Blake Pietila.
1:39 of 2nd period - Shot Blocked by Sergei Plotnikov.
2:11 of 2nd period - Wrist shot by Blake Pietila.
2:11 of 2nd period - Stopped by Joonas Korpisalo with a rebound.
2:57 of 2nd period - Slapshot by Cody Hodgson.
2:57 of 2nd period - Shot Hit the Post.
2:59 of 2nd period - Slapshot by Brandon Gormley.
2:59 of 2nd period - Stopped by Joonas Korpisalo with a rebound.
3:01 of 2nd period - Slapshot by Blake Pietila.
3:01 of 2nd period - Stopped by Joonas Korpisalo with a rebound.
3:03 of 2nd period - Slapshot by Mike Green.
3:03 of 2nd period - Stopped by Joonas Korpisalo with a rebound.
3:05 of 2nd period - Slapshot by Bobby Ryan.
3:05 of 2nd period - Stopped by Joonas Korpisalo with a rebound.
3:07 of 2nd period - Wrist shot by Blake Pietila.
3:07 of 2nd period - Shot Misses the Net.
3:17 of 2nd period - Slapshot by Cody Hodgson.
3:17 of 2nd period - Deflect By Blake Pietila.
3:17 of 2nd period - Shot Misses the Net.
3:17 of 2nd period - Puck is out of play.
3:18 of 2nd period - Nicklas Backstrom wins face-off versus Vladimir Tarasenko in Islanders zone.
3:31 of 2nd period - Snap shot by Vladimir Tarasenko.
3:31 of 2nd period - Shot Misses the Net.
3:33 of 2nd period - Snap shot by Kellan Lain.
3:33 of 2nd period - Stopped by Cory Schneider with a rebound.
3:35 of 2nd period - Snap shot by Vladimir Tarasenko.
3:35 of 2nd period - Stopped by Cory Schneider without a rebound.
3:36 of 2nd period - Joe Colborne wins face-off versus Anze Kopitar in Capitals zone.
3:36 of 2nd period - Joe Colborne is hit by Anze Kopitar.
4:05 of 2nd period - Snap shot by Taylor Hall.
4:05 of 2nd period - Goal by Taylor Hall - Capitals : 2 - Islanders : 1.
4:06 of 2nd period - Vladimir Tarasenko wins face-off versus Nicklas Backstrom in neutral zone.
4:19 of 2nd period - Snap shot by Vladimir Tarasenko.
4:19 of 2nd period - Stopped by Cory Schneider with a rebound.
4:21 of 2nd period - Wrist shot by Brayden Schenn.
4:21 of 2nd period - Stopped by Cory Schneider without a rebound.
4:22 of 2nd period - Nicklas Backstrom wins face-off versus Anze Kopitar in Capitals zone.
4:35 of 2nd period - Wrist shot by Patrick Kane.
4:35 of 2nd period - Shot Misses the Net.
4:41 of 2nd period - Alexei Marchenko is hit by Yann Sauvé and loses puck.
5:12 of 2nd period - Icing by Alexei Marchenko.
5:13 of 2nd period - Jason Akeson wins face-off versus Joe Colborne in Capitals zone.
5:38 of 2nd period - Wrist shot by Steve Downie.
5:38 of 2nd period - Stopped by Joonas Korpisalo with a rebound.
5:40 of 2nd period - Wrist shot by Joe Colborne.
5:40 of 2nd period - Shot Hit the Post.
6:47 of 2nd period - Kellan Lain is hit by Steve Downie and loses puck.
6:58 of 2nd period - Wrist shot by Steve Downie.
6:58 of 2nd period - Shot Misses the Net.
7:00 of 2nd period - Slapshot by Alexei Marchenko.
7:00 of 2nd period - Stopped by Joonas Korpisalo without a rebound.
7:01 of 2nd period - Anze Kopitar wins face-off versus Nicklas Backstrom in Islanders zone.
7:09 of 2nd period - Wrist shot by Mike Green.
7:09 of 2nd period - Shot Blocked by Ryan Ellis.
7:38 of 2nd period - Snap shot by Michael Latta.
7:38 of 2nd period - Shot Misses the Net.
8:06 of 2nd period - Slapshot by Melker Karlsson.
8:06 of 2nd period - Stopped by Cory Schneider with a rebound.
8:08 of 2nd period - Slapshot by Melker Karlsson.
8:08 of 2nd period - Shot Blocked by Martin Marincin.
8:20 of 2nd period - Taylor Hall is hit by Anze Kopitar and loses puck.
8:51 of 2nd period - Martin Marincin is hit by Michael Latta and loses puck.
9:00 of 2nd period - Patrick Kane is hit by Yann Sauvé and loses puck.
10:35 of 2nd period - Mike Green is hit by Jason Akeson and loses puck.
12:19 of 2nd period - Joe Colborne is hit by Kellan Lain and loses puck.
12:34 of 2nd period - Patrick Kane is hit by Michael Latta and loses puck.
12:47 of 2nd period - Wrist shot by Ryan Ellis.
12:47 of 2nd period - Shot Blocked by Taylor Hall.
12:56 of 2nd period - Off-side.
12:57 of 2nd period - Anze Kopitar wins face-off versus Sergey Kalinin in neutral zone.
13:12 of 2nd period - Nikita Zadorov is hit by Brandon Gormley and loses puck.
13:23 of 2nd period - Brock McGinn is hit by Jujhar Khaira and loses puck.
13:34 of 2nd period - Snap shot by Brock McGinn.
13:34 of 2nd period - Shot Misses the Net.
13:48 of 2nd period - Blake Pietila is hit by Ryan Ellis and loses puck.
14:24 of 2nd period - Wrist shot by Kellan Lain.
14:24 of 2nd period - Shot Misses the Net.
14:26 of 2nd period - Slapshot by Dylan McIlrath.
14:26 of 2nd period - Shot Blocked by Brandon Burlon.
14:28 of 2nd period - Wrist shot by Kellan Lain.
14:28 of 2nd period - Shot Blocked by Brandon Burlon.
14:30 of 2nd period - Wrist shot by Kellan Lain.
14:30 of 2nd period - Goal by Kellan Lain - Capitals : 2 - Islanders : 2.
14:31 of 2nd period - Anze Kopitar wins face-off versus Patrick Kane in neutral zone.
14:41 of 2nd period - Yann Sauvé is hit by Patrick Kane and loses puck.
14:52 of 2nd period - Minor Penalty to Patrick Kane for Boarding.
14:53 of 2nd period - Brayden Schenn wins face-off versus Blake Pietila in Capitals zone.
15:02 of 2nd period - Snap shot by Vladimir Tarasenko.
15:02 of 2nd period - Shot Misses the Net.
15:10 of 2nd period - Backhand shot by Ryan Ellis.
15:10 of 2nd period - Stopped by Cory Schneider with a rebound.
15:20 of 2nd period - Blake Pietila is hit by Brock McGinn.
15:24 of 2nd period - Snap shot by Jason Spezza.
15:24 of 2nd period - Shot Misses the Net.
15:26 of 2nd period - Slapshot by Jason Spezza.
15:26 of 2nd period - Goal by Jason Spezza - Capitals : 2 - Islanders : 3.
15:27 of 2nd period - Nicklas Backstrom wins face-off versus Brayden Schenn in neutral zone.
15:29 of 2nd period - Off-side.
15:30 of 2nd period - Brayden Schenn wins face-off versus Nicklas Backstrom in neutral zone.
16:05 of 2nd period - Wrist shot by Jason Akeson.
16:05 of 2nd period - Shot Blocked by Patrick Kane.
16:07 of 2nd period - Wrist shot by Jason Akeson.
16:07 of 2nd period - Shot Misses the Net.
16:09 of 2nd period - Slapshot by Ryan Ellis.
16:09 of 2nd period - Shot Misses the Net.
16:21 of 2nd period - Wrist shot by Cody Hodgson.
16:21 of 2nd period - Stopped by Joonas Korpisalo without a rebound.
16:22 of 2nd period - Brayden Schenn wins face-off versus Cody Hodgson in Islanders zone.
16:24 of 2nd period - Minor Penalty to Brayden McNabb for Hooking.
16:25 of 2nd period - Brayden Schenn wins face-off versus Nicklas Backstrom in Islanders zone.
16:41 of 2nd period - Slapshot by Patrick Kane.
16:41 of 2nd period - Shot Blocked by Ryan Ellis.
16:59 of 2nd period - Wrist shot by Bobby Ryan.
16:59 of 2nd period - Shot Misses the Net.
17:43 of 2nd period - Dylan McIlrath is hit by Mike Green.
18:24 of 2nd period - Penalty to Brayden McNabb is over, Brayden McNabb is back on ice.
18:48 of 2nd period - Andrew Shaw is hit by Alexei Marchenko and loses puck.
18:53 of 2nd period - Snap shot by Jeff Skinner.
18:53 of 2nd period - Shot Misses the Net.
18:55 of 2nd period - Wrist shot by Alexei Marchenko.
18:55 of 2nd period - Shot Blocked by Thomas Chabot.
18:57 of 2nd period - Wrist shot by Phil Kessel.
18:57 of 2nd period - Shot Misses the Net.
18:59 of 2nd period - Snap shot by Phil Kessel.
18:59 of 2nd period - Stopped by Joonas Korpisalo with a rebound.
19:01 of 2nd period - Slapshot by Alexei Marchenko.
19:01 of 2nd period - Shot Blocked by Brayden McNabb.
Goals for this period are 1 for Capitals vs 3 for Islanders.
Shots for this period are 11 for Capitals vs 9 for Islanders.
3rd period
0:01 of 3rd period - Brayden Schenn wins face-off versus Nicklas Backstrom in neutral zone.
0:07 of 3rd period - Slapshot by Yann Sauvé.
0:07 of 3rd period - Deflect By Nicklas Backstrom.
0:07 of 3rd period - Stopped by Cory Schneider with a rebound.
0:09 of 3rd period - Snap shot by Vladimir Tarasenko.
0:09 of 3rd period - Stopped by Cory Schneider with a rebound.
0:11 of 3rd period - Snap shot by Ryan Ellis.
0:11 of 3rd period - Shot Misses the Net.
0:13 of 3rd period - Wrist shot by Brayden Schenn.
0:13 of 3rd period - Deflect By Vladimir Tarasenko.
0:13 of 3rd period - Shot Misses the Net.
0:13 of 3rd period - Puck is out of play.
0:14 of 3rd period - Nicklas Backstrom wins face-off versus Brayden Schenn in Capitals zone.
0:47 of 3rd period - Snap shot by Jason Akeson.
0:47 of 3rd period - Shot Blocked by Nicklas Backstrom.
0:49 of 3rd period - Slapshot by Nikita Zadorov.
0:49 of 3rd period - Stopped by Cory Schneider with a rebound.
0:51 of 3rd period - Snap shot by Michael Latta.
0:51 of 3rd period - Shot Blocked by Patrick Kane.
0:53 of 3rd period - Slapshot by Nikita Zadorov.
0:53 of 3rd period - Stopped by Cory Schneider with a rebound.
1:09 of 3rd period - Snap shot by Bobby Ryan.
1:09 of 3rd period - Shot Misses the Net.
1:29 of 3rd period - Wrist shot by Vladimir Tarasenko.
1:29 of 3rd period - Shot Blocked by Brandon Burlon.
1:31 of 3rd period - Slapshot by Nikita Zadorov.
1:31 of 3rd period - Shot Misses the Net.
2:15 of 3rd period - Wrist shot by Blake Pietila.
2:15 of 3rd period - Stopped by Joonas Korpisalo with a rebound.
3:41 of 3rd period - Snap shot by Jason Spezza.
3:41 of 3rd period - Shot Misses the Net.
3:43 of 3rd period - Slapshot by Dylan McIlrath.
3:43 of 3rd period - Deflect By Jason Spezza.
3:43 of 3rd period - Shot Misses the Net.
3:43 of 3rd period - Puck is out of play.
3:44 of 3rd period - Nicklas Backstrom wins face-off versus Brayden Schenn in Capitals zone.
3:44 of 3rd period - Nicklas Backstrom is hit by Brayden McNabb.
4:15 of 3rd period - Nikita Zadorov is hit by Cody Hodgson and loses puck.
5:04 of 3rd period - Wrist shot by Melker Karlsson.
5:04 of 3rd period - Shot Misses the Net.
5:24 of 3rd period - Wrist shot by Vladimir Tarasenko.
5:24 of 3rd period - Shot Blocked by Brandon Gormley.
5:40 of 3rd period - Snap shot by Blake Pietila.
5:40 of 3rd period - Shot Blocked by Ryan Ellis.
5:42 of 3rd period - Snap shot by Blake Pietila.
5:42 of 3rd period - Shot Blocked by Yann Sauvé.
5:44 of 3rd period - Slapshot by Mike Green.
5:44 of 3rd period - Shot Blocked by Ryan Ellis.
5:46 of 3rd period - Slapshot by Brandon Gormley.
5:46 of 3rd period - Shot Blocked by Yann Sauvé.
5:48 of 3rd period - Snap shot by Brandon Gormley.
5:48 of 3rd period - Stopped by Joonas Korpisalo with a rebound.
6:25 of 3rd period - Wrist shot by Nicklas Backstrom.
6:25 of 3rd period - Shot Misses the Net.
6:27 of 3rd period - Wrist shot by Patrick Kane.
6:27 of 3rd period - Stopped by Joonas Korpisalo without a rebound.
6:28 of 3rd period - Nicklas Backstrom wins face-off versus Brayden Schenn in Islanders zone.
6:35 of 3rd period - Snap shot by Nicklas Backstrom.
6:35 of 3rd period - Shot Hit the Post.
7:02 of 3rd period - Slapshot by Bobby Ryan.
7:02 of 3rd period - Stopped by Joonas Korpisalo without a rebound.
7:03 of 3rd period - Anze Kopitar wins face-off versus Cody Hodgson in Islanders zone.
7:50 of 3rd period - Minor Penalty to Blake Pietila for Holding.
7:51 of 3rd period - Brayden Schenn wins face-off versus Sergey Kalinin in Capitals zone.
7:53 of 3rd period - Snap shot by Brayden Schenn.
7:53 of 3rd period - Shot Misses the Net.
7:55 of 3rd period - Snap shot by Brayden Schenn.
7:55 of 3rd period - Stopped by Cory Schneider without a rebound.
7:56 of 3rd period - Sergey Kalinin wins face-off versus Brayden Schenn in Capitals zone.
8:23 of 3rd period - Snap shot by Brock McGinn.
8:23 of 3rd period - Shot Misses the Net.
8:25 of 3rd period - Wrist shot by Jason Spezza.
8:25 of 3rd period - Shot Misses the Net.
8:27 of 3rd period - Snap shot by Jason Spezza.
8:27 of 3rd period - Goal by Jason Spezza - Capitals : 2 - Islanders : 4.
8:28 of 3rd period - Brayden Schenn wins face-off versus Nicklas Backstrom in neutral zone.
8:41 of 3rd period - Wrist shot by Vladimir Tarasenko.
8:41 of 3rd period - Deflect By Kellan Lain.
8:41 of 3rd period - Shot Misses the Net.
8:41 of 3rd period - Puck is out of play.
8:42 of 3rd period - Brayden Schenn wins face-off versus Nicklas Backstrom in Capitals zone.
8:55 of 3rd period - Wrist shot by Vladimir Tarasenko.
8:55 of 3rd period - Stopped by Cory Schneider with a rebound.
9:08 of 3rd period - Icing by Mike Green.
9:09 of 3rd period - Bobby Ryan wins face-off versus Brock McGinn in Capitals zone.
9:13 of 3rd period - Minor Penalty to Anze Kopitar for Slashing.
9:14 of 3rd period - Nicklas Backstrom wins face-off versus Brayden Schenn in Islanders zone.
10:34 of 3rd period - Brandon Gormley is hit by Brayden Schenn and loses puck.
11:13 of 3rd period - Penalty to Anze Kopitar is over, Anze Kopitar is back on ice.
11:36 of 3rd period - Dylan McIlrath is hit by Brandon Gormley and loses puck.
12:07 of 3rd period - Bobby Ryan is hit by Brayden Schenn and loses puck.
13:16 of 3rd period - Phil Kessel is hit by Brock McGinn and loses puck.
13:24 of 3rd period - Icing by Phil Kessel.
13:25 of 3rd period - Sergey Kalinin wins face-off versus Brayden Schenn in Capitals zone.
13:40 of 3rd period - Snap shot by Patrick Kane.
13:40 of 3rd period - Stopped by Joonas Korpisalo with a rebound.
13:52 of 3rd period - Nicklas Backstrom is hit by Emerson Etem.
14:23 of 3rd period - Snap shot by Patrick Kane.
14:23 of 3rd period - Shot Misses the Net.
14:25 of 3rd period - Snap shot by Nicklas Backstrom.
14:25 of 3rd period - Stopped by Joonas Korpisalo with a rebound.
14:27 of 3rd period - Snap shot by Patrick Kane.
14:27 of 3rd period - Goal by Patrick Kane - Capitals : 3 - Islanders : 4.
14:28 of 3rd period - Bobby Ryan wins face-off versus Brayden Schenn in neutral zone.
14:51 of 3rd period - Minor Penalty to Brayden Schenn for Hooking.
14:52 of 3rd period - Nicklas Backstrom wins face-off versus Anze Kopitar in Islanders zone.
15:10 of 3rd period - Icing by Nicklas Backstrom.
15:11 of 3rd period - Nicklas Backstrom wins face-off versus Anze Kopitar in Capitals zone.
15:11 of 3rd period - Nicklas Backstrom is hit by Ryan Ellis.
15:25 of 3rd period - Snap shot by Nicklas Backstrom.
15:25 of 3rd period - Shot Blocked by Kellan Lain.
15:29 of 3rd period - Snap shot by Taylor Hall.
15:29 of 3rd period - Deflect By Patrick Kane.
15:29 of 3rd period - Stopped by Joonas Korpisalo with a rebound.
15:31 of 3rd period - Slapshot by Brandon Gormley.
15:31 of 3rd period - Deflect By Taylor Hall.
15:31 of 3rd period - Goal by Taylor Hall - Capitals : 4 - Islanders : 4.
15:32 of 3rd period - Michael Latta wins face-off versus Nicklas Backstrom in neutral zone.
17:58 of 3rd period - Shea Theodore is hit by Emerson Etem.
19:58 of 3rd period - Brayden Schenn is hit by Nicklas Backstrom and loses puck.
Goals for this period are 2 for Capitals vs 1 for Islanders.
Shots for this period are 9 for Capitals vs 7 for Islanders.
Overtime #1
0:01 of 1st overtime period - Brayden Schenn wins face-off versus Taylor Hall in neutral zone.
0:08 of 1st overtime period - Wrist shot by Ryan Ellis.
0:08 of 1st overtime period - Stopped by Cory Schneider without a rebound.
0:09 of 1st overtime period - Taylor Hall wins face-off versus Brayden Schenn in Capitals zone.
0:54 of 1st overtime period - Backhand shot by Vladimir Tarasenko.
0:54 of 1st overtime period - Shot Misses the Net.
1:14 of 1st overtime period - Wrist shot by Taylor Hall.
1:14 of 1st overtime period - Stopped by Joonas Korpisalo without a rebound.
1:15 of 1st overtime period - Nicklas Backstrom wins face-off versus Jason Spezza in Islanders zone.
1:29 of 1st overtime period - Snap shot by Jason Spezza.
1:29 of 1st overtime period - Shot Misses the Net.
2:20 of 1st overtime period - Icing by Brock McGinn.
2:21 of 1st overtime period - Kellan Lain wins face-off versus Cody Hodgson in Islanders zone.
2:42 of 1st overtime period - Slapshot by Taylor Hall.
2:42 of 1st overtime period - Stopped by Joonas Korpisalo without a rebound.
2:43 of 1st overtime period - Taylor Hall wins face-off versus Brayden Schenn in Islanders zone.
3:07 of 1st overtime period - Ryan Ellis is hit by Nicklas Backstrom and loses puck.
3:16 of 1st overtime period - Backhand shot by Jason Spezza.
3:16 of 1st overtime period - Shot Misses the Net.
3:18 of 1st overtime period - Wrist shot by Jason Spezza.
3:18 of 1st overtime period - Deflect By Anze Kopitar.
3:18 of 1st overtime period - Stopped by Cory Schneider with a rebound.
Goals for this period are 0 for Capitals vs 0 for Islanders.
Shots for this period are 2 for Capitals vs 2 for Islanders.
ShootOut
5:00 of 1st overtime period - Round #1.
5:00 of 1st overtime period - Capitals, Taylor Hall.
5:00 of 1st overtime period - Snap shot by Taylor Hall.
5:00 of 1st overtime period - Goal by Taylor Hall.
5:00 of 1st overtime period - Islanders, Vladimir Tarasenko.
5:00 of 1st overtime period - Wrist shot by Vladimir Tarasenko.
5:00 of 1st overtime period - Shot Misses the Net.
5:00 of 1st overtime period - Round #2.
5:00 of 1st overtime period - Capitals, Patrick Kane.
5:00 of 1st overtime period - Deke by Patrick Kane.
5:00 of 1st overtime period - Goal by Patrick Kane.
5:00 of 1st overtime period - Islanders, Brayden Schenn.
5:00 of 1st overtime period - Wrist shot by Brayden Schenn.
5:00 of 1st overtime period - Shot Misses the Net.
5:00 of 1st overtime period - Round #3.